 Dungeon Crawl Stone Soup version 0.23.2-1-ga50397a (webtiles) character file.

Game seed: 4440828258419579437

37 funkygono the Digger (level 3, -4/24 HPs)
             Began as a Formicid Earth Elementalist on May 14, 2019.
             Killed from afar by an orc wizard (7 damage)
             ... with a magic dart
             ... on level 2 of the Dungeon.
             The game lasted 00:03:56 (983 turns).

funkygono the Digger (Formicid Earth Elementalist)   Turns: 983, Time: 00:03:57

Health: -4/24      AC:  2    Str: 12    XL:     3   Next: 60%
Magic:  6/7        EV:  9    Int: 15    God:
Gold:   62         SH:  7    Dex: 11    Spells: 3/7 levels left

rFire    . . .     SeeInvis +   i - +2 whip (drain)
rCold    . . .     Gourm    .   j - +0 shield
rNeg     . . .     Faith    .   c - +0 robe
rPois    .         Spirit   .   (helmet unavailable)
rElec    .         Reflect  .   (no cloak)
rCorr    .         Harm     .   (no gloves)
MR       .....                  (no boots)
Stlth    ++........             (no amulet)
HPRegen  0.08/turn              (no ring)
MPRegen  0.10/turn              (no ring)

@: very slightly contaminated
A: permanent stasis, dig shafts and tunnels, four strong arms, antennae 3
a: Dig, Shaft Self


You were on level 2 of the Dungeon.
You were not hungry.

You visited 1 branch of the dungeon, and saw 2 of its levels.

You collected 62 gold pieces.

Inventory:

Hand Weapons
 i - a +2 whip of draining (weapon)
Missiles
 b - 55 stones (quivered)
Armour
 c - a +0 robe (worn)
 j - a +0 shield (worn)
Scrolls
 e - a scroll of remove curse
Potions
 h - 2 potions of resistance
 k - a potion of curing {unknown}
 l - 2 potions of mutation
 m - 2 potions of cancellation {unknown}
Comestibles
 a - 7 chunks of flesh
 d - 4 rations


   Skills:
 + Level 2.1 Dodging
 + Level 2.5 Stealth
 * Level 1.1 Shields
 + Level 2.7 Spellcasting
   Level 1.1 Transmutations
 + Level 4.3 Earth Magic


You had 3 spell levels left.
You knew the following spells:

 Your Spells              Type           Power        Failure   Level  Hunger
a - Sandblast             Erth           ###...       19%         1    #......
b - Stone Arrow           Conj/Erth      #.....       80%         3    ###....

Your spell library contained the following spells:

 Spells                   Type           Power        Failure   Level  Hunger
 Passwall                 Tmut/Erth      ##......     47%         2    ##.....
 Petrify                  Tmut/Erth      ##......     98%         4    #####..
 Lee's Rapid Deconstruct  Erth           ###.......   99%         5    ######.


Dungeon Overview and Level Annotations

Branches:
Dungeon (2/15)

Altars:


Innate Abilities, Weirdness & Mutations

You cannot be hasted, slowed, berserked, paralysed or teleported.
You can dig through walls and to a lower floor.
Your four strong arms can wield two-handed weapons with a shield.
You have a pair of large antennae on your head. (SInv)


Message History

The orc wizard is moderately wounded.
The orc wizard hits you but does no damage.
You block the orc wizard's attack.
You closely miss the orc wizard.
The orc wizard is moderately wounded.
The orc wizard points at you and mumbles some strange words.
The puff of frost hits you!
* * * LOW HITPOINT WARNING * * *
The orc wizard gestures at you while chanting.
You resist with some effort.
You hit the orc wizard but do no damage.
The orc wizard is moderately wounded.
You block the orc wizard's attack. x2
Your shield prevents you from hitting the orc wizard.
The orc wizard is moderately wounded.
The orc wizard hits you with a +0 dagger.
* * * LOW HITPOINT WARNING * * *
The orc wizard gestures at you while chanting.
The magic dart hits you!
You die...

#### ######### ..#
#.......# ## #.###
#.......#
...#†#.######.......#
#.#..#.............#
#...###.####.......#
#.#..#.## #...>...#
...#.#.## #..o....# .#
#.### ####@####
.###.###########o######.###
......<.........o.........
####.#########.##.#####.#
.......# #. #..#....#..#
######.... . ##..........
##### #. #...#o.#.... #
#......... . ...#(.....#..


You could see 2 orc wizards and an orc.

Vanquished Creatures
  An orc (D:2)
  2 giant cockroaches
  2 goblins (D:1)
  7 hobgoblins (D:1)
  7 kobolds
  A quokka (D:2)
  6 bats (D:1)
  A frilled lizard (D:1)
  7 rats
34 creatures vanquished.

Notes
Turn   | Place    | Note
-------+----------+-------------------------------------------
     0 | D:1      | funkygono the Formicid Earth Elementalist began the quest
                  | for the Orb.
     0 | D:1      | Reached XP level 1. HP: 13/13 MP: 3/3
   142 | D:1      | Reached skill level 4 in Earth Magic
   142 | D:1      | Reached XP level 2. HP: 19/19 MP: 0/5
   510 | D:1      | Reached XP level 3. HP: 24/24 MP: 1/6
   758 | D:1      | Reached skill level 1 in Shields
   869 | D:1      | Learned a level 3 spell: Stone Arrow
   983 | D:2      | Killed from afar by an orc wizard

Skill      XL: |  1  2  3 |
---------------+----------+-----
Earth Magic    | 4 |  4.3
Dodging        | 2 |  2.1
Shields        | 1 |  1.1
Stealth        | |  2.5
Spellcasting   | |  2.7
Transmutations | |  1.1

Action                   || total
-------------------------++-------
Melee: Whip              ||    37
       Club              ||     4
 Cast: Sandblast         ||    30
  Use: Scroll            ||     4
 Stab: Distracted        ||     1
  Eat: Chunk             ||     1
Armor: Robe              ||     4
Dodge: Dodged            ||    17
Block: Shield            ||    13
